 Dungeon Crawl Stone Soup version 0.30-a0-737-gf23d94013f (webtiles) character file.

Game seed: 13946324431734861832

81 cowhearter the Cutter (level 4, -3/35 HPs)
             Began as a Demonspawn Monk on Feb 2, 2023.
             Was a Believer of Dithmenos.
             Slain by a black bear (5 damage)
             ... on level 4 of the Dungeon.
             The game lasted 00:05:01 (3135 turns).

cowhearter the Cutter (Demonspawn Monk)             Turns: 3135, Time: 00:05:02

Health: -3/35      AC:  4    Str: 11    XL:     4   Next: 19%
Magic:  4/4        EV: 13    Int: 12    God:    Dithmenos [**....]
Gold:   140        SH:  0    Dex: 17    Spells: 3/3 levels left

rFire   . . .      SeeInvis .    a - +0 short sword
rCold   . . .      Faith    .    (no shield)
rNeg    . . .      Spirit   .    b - +0 robe
rPois   .          Reflect  .    (no helmet)
rElec   .          Harm     .    (no cloak)
rCorr   .          Rampage  .    (no gloves)
Will    .....                    (no boots)
Stlth   +++                      (no amulet)
HPRegen 0.25/turn                (no ring)
MPRegen 0.09/turn                (no ring)

@: lethally poisoned (-3 -> -7), wreathed by umbra
A: thin metallic scales 1
a: Renounce Religion, Shadow Step


You were on level 4 of the Dungeon.
You worshipped Dithmenos.
Dithmenos was pleased with you.
You visited 1 branch of the dungeon, and saw 4 of its levels.

You collected 140 gold pieces.

Inventory:

Hand Weapons
 a - a +0 short sword (weapon)
Missiles
 r - 11 poisoned darts (quivered)
Armour
 b - a +0 robe (worn)
 m - the +0 robe of the Heavens {*Slow rF- Will++ SInv}
   (You found it on level 2 of the Dungeon)

   rF:        It makes you vulnerable to fire.
   SInv:      It lets you see invisible.
   *Slow:     It may slow you when you take damage.
   Will:      It greatly increases your willpower.
Jewellery
 l - a ring of ice
Scrolls
 d - 3 scrolls of immolation {unknown}
 f - a scroll of silence {unknown}
 g - 3 scrolls of poison {unknown}
 h - 6 scrolls of identify {unknown}
 i - 3 scrolls of teleportation {unknown}
 j - a scroll of enchant armour {unknown}
 o - a scroll of torment {unknown}
 p - a scroll of noise {unknown}
 u - a scroll of amnesia {unknown}
 v - a scroll of enchant weapon {unknown}
Potions
 c - a potion of ambrosia
 e - a potion of heal wounds {unknown}
 k - a potion of degeneration {unknown}
 n - a potion of flight {unknown}
 q - a potion of haste {unknown}
 s - a potion of brilliance {unknown}
 t - a potion of curing {unknown}
 w - a potion of might {unknown}


   Skills:
 + Level 3.3 Fighting
 * Level 3.6 Short Blades
 + Level 3.4 Dodging
 + Level 2.1 Stealth


You had 3 spell levels left.
You didn't know any spells.
Your spell library contained the following spells:

 Spells                   Type           Power      Damage    Failure   Level
 Lesser Beckoning         Tloc           0%         N/A       45%         2
 Gell's Gravitas          Tloc           0%         N/A       69%         3
 Teleport Other           Tloc           0%         N/A       69%         3
 Anguish                  Hex/Necr       0%         N/A       97%         4
 Enfeeble                 Hex            0%         N/A       100%        7


Dungeon Overview and Level Annotations

Branches:
Dungeon (4/15)
 Temple: D:4-7

Altars:
Cheibriados
Dithmenos
Gozag
Hepliaklqana
Kikubaaqudgha
Vehumet
Wu Jian


Innate Abilities, Weirdness & Mutations

You are partially covered in thin metallic scales. (AC +2)


Message History

The black bear growls angrily.
The scorpion stings you.
You hit the scorpion but do no damage.
The scorpion is moderately wounded.
You feel sick. The scorpion closely misses you.
You hit the scorpion but do no damage.
The scorpion is moderately wounded.
You feel sick. The scorpion barely misses you.
You hit the scorpion.
The scorpion is moderately wounded.
The scorpion stings you.
You are more poisoned.
The scorpion poisons you!
You hit the scorpion.
The scorpion is heavily wounded.
You feel very sick. The black bear barely misses you.
The black bear completely misses you. The black bear closely misses you.
The scorpion barely misses you.
You hit the scorpion.
The scorpion is heavily wounded.
You feel sick. The black bear bites you!
The black bear claws you but does no damage.
The black bear closely misses you. The scorpion closely misses you.
You hit the scorpion.
The scorpion is severely wounded.
You feel sick. The scorpion stings you.
* * * LOW HITPOINT WARNING * * *
The black bear bites you but does no damage.
The black bear claws you.
* * * LOW HITPOINT WARNING * * *
The black bear claws you but does no damage.
You hit the scorpion.
The scorpion is severely wounded.
* * * LOW HITPOINT WARNING * * *
You feel sick. The scorpion closely misses you.
You hit the scorpion.
The scorpion is severely wounded.
* * * LOW HITPOINT WARNING * * *
You feel sick. The black bear bites you.
You die...

#... #.... #...
#....####..#### ..[
##... ........#
..#####..#####.......#
.............#......(#
.....................###
...†...................#
........).......s....#
...............$@h...#
.......[.............#
.....................#
.....................#
.#.....#.....##.######
...#######...##.# ##..
#.####.# #### ..# ..# #


You could see a black bear and a scorpion.

Vanquished Creatures
  An adder (D:2)
  A gnoll (D:1)
  3 dart slugs
  An orc (D:3)
  6 bats
  6 endoplasms
  2 giant cockroaches
  6 goblins
  2 hobgoblins
  4 quokkas
  6 ball pythons
  3 frilled lizards (D:1)
  4 kobolds
  5 rats
50 creatures vanquished.

Notes
Turn   | Place    | Note
-------+----------+-------------------------------------------
     0 | D:1      | cowhearter the Demonspawn Monk began the quest for the Orb.
     0 | D:1      | Reached XP level 1. HP: 18/18 MP: 1/1
   146 | D:1      | Gained mutation: You are partially covered in thin metallic
                  | scales. (AC +2) [demonic ancestry]
   146 | D:1      | Reached XP level 2. HP: 24/24 MP: 2/2
   961 | D:1      | HP: 1/24 [gnoll/+0 flail (8)]
   963 | D:1      | Reached XP level 3. HP: 2/29 MP: 3/3
  1502 | D:2      | Identified the +0 robe of the Heavens {*Slow rF- Will++
                  | SInv}
  2155 | D:3      | Found a hazy altar of Hepliaklqana.
  2155 | D:3      | Found an opulent altar of Gozag.
  2155 | D:3      | Found a radiant altar of Vehumet.
  2160 | D:3      | Found an ancient bone altar of Kikubaaqudgha.
  2161 | D:3      | Found a shadowy altar of Dithmenos.
  2174 | D:3      | Became a worshipper of Dithmenos the Shadowed
  2174 | D:3      | Reached * piety under Dithmenos
  2174 | D:3      | Reached ** piety under Dithmenos
  2260 | D:3      | Found a faded altar of an unknown god.
  2272 | D:3      | Reached XP level 4. HP: 34/35 MP: 4/4
  2398 | D:3      | Found a snail-covered altar of Cheibriados.
  2490 | D:3      | Found an ornate altar of the Wu Jian Council.
  3119 | D:4      | Noticed a scorpion
  3119 | D:4      | Noticed a black bear
  3135 | D:4      | Slain by a black bear

Illustrated notes

Levels and vault maps discovered:
D:1:      pf_arrival_petrified_forest, layout_basic, minivault_11
D:2:      layout_loops_ring
D:3:      layout_basic, cheibriados_altar_2, elyvilon_altar_4,
          grunt_temple_overflow_open, lemuel_crystal_altar,
          shapermc_ecumenical_altar_venn
D:4:      layout_rooms, dreamdust_princess_corridor,
          minmay_fractal_squares_diagonal_5, uniq_ijyb

Skill      XL: |  1  2  3 |
---------------+----------+-----
Dodging        | 3 |  3.4
Short Blades   | 3 |  3.6
Stealth        | 2 |  2.1
Fighting       | |  3.3

Action                     |  1- 3 |  4- 6 || total
---------------------------+-------+-------++-------
  Melee: Short sword       |   159 |    33 ||   192
         Punch             |     1 |       ||     1
   Stab: Sleeping          |     8 |     2 ||    10
 Armour: Robe              |    34 |     5 ||    39
  Dodge: Dodged            |   111 |    25 ||   136

Table legend: (Time is in decaauts)
 A = Elapsed time spent in this place.
 B = Non-inter-level travel time spent in this place.
 C = Inter-level travel time spent in this place.
 D = Time resting spent in this place.
 E = Time spent auto-exploring this place.
 F = Levels seen in this place.
 G = Mean time per level.
                   A        B        C        D        E       F      G
               +--------+--------+--------+--------+--------+-----+--------+
         Total |   3104 |   3082 |     22 |    923 |   1657 |   4 |  776.0 |
       Dungeon |   3104 |   3082 |     22 |    923 |   1657 |   4 |  776.0 |
               +--------+--------+--------+--------+--------+-----+--------+

Top non-repeatable levels by time:
     D:1: 1175 daAuts
     D:2: 956 daAuts
     D:3: 870 daAuts
     D:4: 101 daAuts
